 Dungeon Crawl Stone Soup version 0.26-a0-651-gb41185065b (webtiles) character file.

Game seed: 7878675602657267857

18 truffle the Shooter (level 2, 0/22 HPs)
             Began as a Human Hunter on Oct 24, 2020.
             Slain by a hobgoblin (3 damage)
             ... on level 3 of the Dungeon.
             The game lasted 00:06:05 (437 turns).

truffle the Shooter (Human Hunter)                   Turns: 437, Time: 00:06:06

Health: 0/22       AC:  5    Str: 12    XL:     2   Next: 85%
Magic:  2/2        EV: 11    Int: 11    God:
Gold:   34         SH:  0    Dex: 13    Spells: 1/1 levels left

rFire    . . .     SeeInvis .   e - -3 hand axe (curse)
rCold    . . .     Faith    .   (no shield)
rNeg     . . .     Spirit   .   i - +0 ring mail
rPois    .         Reflect  .   (no helmet)
rElec    .         Harm     .   (no cloak)
rCorr    .         Rampage  .   (no gloves)
MR       .....                  (no boots)
Stlth    +.........             (no amulet)
HPRegen  0.07/turn              (no ring)
MPRegen  0.08/turn              (no ring)

@: no status effects
A: no striking features
a: no special abilities


You were on level 3 of the Dungeon.
You visited 1 branch of the dungeon, and saw 3 of its levels.

You collected 34 gold pieces.

Inventory:

Hand Weapons
 a - a +1 shortbow
 b - a +0 short sword
 e - a cursed -3 hand axe (weapon)
Missiles
 d - 40 arrows
Armour
 c - a +0 leather armour
 i - a +0 ring mail (worn)
Scrolls
 f - a scroll of enchant weapon {unknown}
 g - a scroll of remove curse {unknown}
Potions
 h - 2 potions of flight {unknown}


   Skills:
 + Level 2.2 Fighting
 + Level 4.4 Bows
 + Level 0.5 Armour
 + Level 2.0 Dodging
 + Level 1.0 Stealth


You had one spell level left.
You didn't know any spells.
Your spell library was empty.

Dungeon Overview and Level Annotations

Branches:
Dungeon (3/15)

Altars:


Message History

The hobgoblin hits you but does no damage.
You hit the hobgoblin but do no damage. The hobgoblin misses you.
You hit the hobgoblin.
The hobgoblin is moderately wounded.
The hobgoblin hits you.
* * * LOW HITPOINT WARNING * * *
Your ring mail prevents you from hitting the hobgoblin.
The hobgoblin is moderately wounded.
The hobgoblin hits you but does no damage.
You barely miss the hobgoblin.
The hobgoblin is moderately wounded.
The hobgoblin barely misses you. The hobgoblin hits you.
* * * LOW HITPOINT WARNING * * *
You barely miss the hobgoblin.
The hobgoblin is moderately wounded.
The hobgoblin barely misses you.
You closely miss the hobgoblin.
The hobgoblin is moderately wounded.
The hobgoblin hits you.
You die...

#.$#.# #.#... ......
.!... . #.....###...
.. ## #.#........ ...
... .......#.# ...
.... #..#.#<# .. .....
#......#.#
....<.#####....)..#.
.......@gK..........#
.....####....#...$...#
... #.##.#.#.##...( #
#........# ###.
#........# #.........#
#............
#..........##
#...........#


You could see a hobgoblin and a kobold.

Vanquished Creatures
  A giant cockroach (D:2)
  4 goblins
  5 hobgoblins
  2 bats
  2 frilled lizards (D:1)
  2 rats
16 creatures vanquished.

Notes
Turn   | Place    | Note
-------+----------+-------------------------------------------
     0 | D:1      | truffle the Human Hunter began the quest for the Orb.
     0 | D:1      | Reached XP level 1. HP: 16/16 MP: 1/1
    46 | D:1      | help
   174 | D:1      | Reached XP level 2. HP: 16/22 MP: 2/2
   437 | D:3      | Slain by a hobgoblin

Illustrated notes

#.....# #...(.#
#.# #####'# #.#
######.### #.#
#...#....# #..
#...#....## #.#
#.8.#.....# #.#
#...'.....####.#
#...#.........@#
#####.....###.##
##....# #.#
###### #.# #.#
#.# #.. ..#


Turn 46 on D:1: help

Levels and vault maps discovered:
D:1:      dpeg_arrival_rooms_b, layout_rooms
D:2:      layout_basic, chequers_ecumenical_altar_simple
D:3:      layout_rooms, uniq_sigmund

Action                   || total
-------------------------++-------
Melee: Hand axe          ||    74
 Fire: Shortbow          ||     1
  Use: Potion            ||     1
 Stab: Sleeping          ||     1
Armor: Leather armour    ||     6
       Ring mail         ||    25
Dodge: Dodged            ||    71

Table legend: (Time is in decaauts)
 A = Elapsed time spent in this place.
 B = Non-inter-level travel time spent in this place.
 C = Inter-level travel time spent in this place.
 D = Time resting spent in this place.
 E = Time spent auto-exploring this place.
 F = Levels seen in this place.
 G = Mean time per level.
                   A        B        C        D        E       F      G
               +--------+--------+--------+--------+--------+-----+--------+
         Total |    454 |    454 |      0 |      0 |      0 |   3 |  151.3 |
       Dungeon |    454 |    454 |      0 |      0 |      0 |   3 |  151.3 |
               +--------+--------+--------+--------+--------+-----+--------+

Top non-repeatable levels by time:
     D:1: 267 daAuts
     D:2: 148 daAuts
     D:3: 39 daAuts
